Map: 勒瑞萊克山巔

Players

Nice

  • Race: Protoss Protoss
  • League: Grandmaster

Rose (Python) - Winner!

  • Race: Zerg Zerg
  • League: Grandmaster

Event: 2016 WCS Winter Challenger Taiwan

VOD

Have the link to the VOD?

Description

Time

  • Played on: Jan. 15, 2016, 5:16 a.m.
  • Length: 11:26

All games in this series

Show
View Real Time Build Order
Export as new Build Order

Nice Protoss 

Build Orders: Oracle Opening, Mass Adepts 

Get SALT Encoding   

  12  0:02  Probe (Chrono Boost)  
  13  0:12  Probe (Chrono Boost)  
  14  0:16  Pylon  
  14  0:23  Probe (Chrono Boost)  
  15  0:35  Probe (Chrono Boost)  
  16  0:38  Gateway  
  16  0:45  Probe (Chrono Boost)  
  16  0:46  Assimilator  
  17  0:51  Assimilator  
  17  0:56  Probe (Chrono Boost)  
  18  1:06  Probe (Chrono Boost)  
  19  1:12  Gateway  
  19  1:17  Probe (Chrono Boost)  
  20  1:21  Pylon  
  20  1:27  Probe (Chrono Boost)  
  21  1:34  Cybernetics Core  
  21  1:38  Probe (Chrono Boost)  
  22  1:48  Probe (Chrono Boost)  
  23  2:05  Pylon  
  23  2:10  Adept (Chrono Boost)  
  23  2:12  Warp Gate  
  23  2:14  Adept (Chrono Boost)  
  27  2:19  Stargate  
  29  2:38  Adept x2 (Chrono Boost)  
  31  2:48  Mothership Core  
  33  3:02  Nexus  
  33  3:10  Probe (Chrono Boost)  
  30  3:15  Oracle (Chrono Boost)  
  30  3:19  Pylon  
  33  3:24  Adept  
  35  3:29  Adept  
  37  3:37  Probe  
  38  3:44  Pylon  
  38  3:49  Probe  
  37  4:01  Probe  
  36  4:06  Oracle (Chrono Boost)  
  39  4:13  Probe  
  39  4:14  Robotics Facility  
  39  4:15  Probe  
  41  4:25  Probe (Chrono Boost)  
  41  4:26  Probe (Chrono Boost)  
  41  4:29  Adept  
  41  4:30  Adept  
  47  4:37  Probe (Chrono Boost)  
  47  4:38  Probe (Chrono Boost)  
  49  4:45  Gateway  
  49  4:47  Probe (Chrono Boost)  
  49  4:48  Probe (Chrono Boost)  
  51  4:57  Adept x2  
  51  4:58  Probe (Chrono Boost)  
  57  5:07  Probe (Chrono Boost)  
  57  5:08  Probe (Chrono Boost)  
  57  5:09  Pylon  
  57  5:11  Observer  
  59  5:17  Probe (Chrono Boost)  
  59  5:18  Adept  
  59  5:19  Probe (Chrono Boost), Adept  
  65  5:21  Assimilator  
  65  5:25  Assimilator  
  65  5:28  Probe (Chrono Boost)  
  66  5:29  Probe (Chrono Boost)  
  67  5:38  Probe (Chrono Boost)  
  67  5:41  Probe (Chrono Boost)  
  66  5:45  Robotics Bay  
  66  5:47  Pylon  
  66  5:49  Probe (Chrono Boost)  
  67  5:51  Gateway  
  65  6:06  Warp Prism (Chrono Boost)  
  65  6:10  Forge  
  65  6:14  Adept x3  
  67  6:43  Disruptor (Chrono Boost)  
  70  6:48  Pylon  
  70  6:50  Pylon, Protoss Ground Weapons Level 1  
  70  6:52  Twilight Council  
  70  7:05  Gravitic Drive (Chrono Boost)  
  70  7:10  Adept x3, Disruptor  
  70  7:12  Sentry  
  78  7:18  Pylon  
  78  7:20  Pylon  
  81  7:41  Blink (Chrono Boost), Disruptor  
  81  7:44  Stalker  
  86  7:52  Gateway  
  86  7:53  Gateway  
  86  7:54  Gateway  
  86  7:58  Gateway  
  86  7:59  Pylon  
  86  8:00  Stalker x3  
  86  8:01  Pylon  
  92  8:12  Disruptor  
  94  8:23  Nexus  
  89  8:43  Stalker x4  
  89  8:47  Pylon  
  97  8:49  Pylon  
  97  8:51  Pylon  
  97  9:03  Sentry  
  97  9:04  Sentry x2  
  97  9:06  Stalker x3  
  97  9:09  Stalker, Zealot  
  96  9:33  Stalker x2  
  96  9:34  Stalker x3  
  81  9:58  Stalker x2  
  81  9:59  Stalker x2  
  79  10:20  Stalker x2  
  80  10:21  Stalker x2  
  80  10:22  Stalker x3  
  80  10:23  Stalker  
  92  10:32  Photon Cannon  
  92  10:35  Robotics Facility  
  88  10:46  Stalker x2  
  88  10:47  Stalker  
Show
View Real Time Build Order
Export as new Build Order

Rose Zerg - Winner!

Build Orders: Hatch First 

Get SALT Encoding   

  12  0:01  Drone  
  13  0:08  Drone  
  14  0:16  Overlord  
  14  0:21  Extractor  
  14  0:23  Drone  
  15  0:35  Drone x2  
  17  0:55  Hatchery  
  17  0:57  Drone  
  17  1:09  Spawning Pool  
  17  1:11  Extractor  
  15  1:12  Drone  
  15  1:16  Drone  
  17  1:19  Drone  
  18  1:27  Drone  
  19  1:37  Overlord  
  19  1:55  Queen  
  19  1:56  Zergling x2  
  19  2:00  Drone  
  23  2:06  Drone  
  24  2:11  Drone  
  24  2:12  Metabolic Boost  
  24  2:14  Queen  
  27  2:17  Drone  
  27  2:20  Drone  
  29  2:28  Drone  
  30  2:33  Drone  
  31  2:42  Zergling x4  
  32  2:54  Hatchery, Zergling x4, Queen  
  33  3:11  Drone x4  
  36  3:18  Overlord  
  36  3:28  Overlord  
  36  3:33  Drone  
  36  3:39  Zergling x6  
  36  3:40  Drone x2  
  40  3:42  Spore Crawler  
  40  3:43  Spore Crawler  
  39  3:48  Drone x3  
  37  3:56  Drone x2  
  37  3:58  Drone  
  39  4:06  Drone x4  
  41  4:10  Drone  
  41  4:16  Drone  
  42  4:19  Drone  
  42  4:22  Drone  
  42  4:24  Spore Crawler  
  43  4:27  Drone  
  43  4:30  Drone  
  44  4:32  Drone  
  44  4:33  Queen  
  47  4:39  Extractor, Spore Crawler  
  47  4:41  Drone x3  
  47  4:42  Drone x3  
  51  4:51  Overlord, Drone x2  
  53  5:04  Drone x2  
  53  5:05  Drone  
  54  5:09  Roach Warren  
  54  5:10  Extractor  
  52  5:21  Overlord x2  
  52  5:25  Zergling x18  
  61  5:31  Lair  
  61  5:36  Queen  
  61  5:49  Zergling x2, Roach x8  
  79  5:50  Zergling x2  
  79  5:55  Zergling x2, Roach  
  71  6:16  Drone x5  
  71  6:17  Drone  
  76  6:26  Extractor  
  76  6:27  Drone x5  
  80  6:34  Drone x2  
  80  6:35  Glial Reconstitution  
  80  6:39  Overlord  
  81  6:42  Overlord  
  81  6:44  Hatchery  
  81  6:45  Drone  
  81  6:49  Extractor  
  80  6:56  Drone  
  80  6:57  Overlord x2, Queen  
  83  7:03  Drone x2  
  83  7:05  Drone x3  
  83  7:07  Drone x2  
  90  7:08  Overlord  
  90  7:09  Overlord x2  
  90  7:11  Ravager x3  
  90  7:12  Roach x2  
  97  7:18  Overseer  
  99  7:23  Roach x6  
  106  7:38  Drone x2  
  106  7:41  Roach  
  106  7:42  Roach x8  
  126  7:47  Extractor  
  126  7:48  Roach x2  
  129  7:56  Overlord  
  129  7:57  Roach  
  129  7:58  Roach x2  
  135  8:02  Ravager x4  
  135  8:03  Roach x2  
  135  8:04  Zergling x2  
  144  8:15  Overlord  
  144  8:16  Overlord x2  
  144  8:22  Queen  
  144  8:24  Roach x2  
  144  8:25  Roach x3  
  144  8:26  Zergling x2  
  144  8:27  Overlord  
  134  8:38  Zergling x2, Roach  
  134  8:39  Zergling x2, Roach x2  
  116  8:41  Roach x3  
  116  8:46  Spire  
  121  9:02  Roach x7  
  135  9:04  Ravager x3  
  135  9:05  Ravager x2  
  135  9:07  Roach  
  142  9:11  Zergling x2, Ravager  
  142  9:14  Zergling x6, Roach x2  
  151  9:30  Zergling x8, Roach x4  
  132  9:37  Zergling x2  
  132  9:38  Zergling x2, Roach x2  
  134  9:46  Roach x5  
  142  9:53  Roach x5  
  148  10:02  Zergling x2  
  148  10:03  Zergling x2, Roach x2  
  150  10:08  Roach x2  
  150  10:11  Roach x2  
  153  10:17  Zergling x6, Roach x4  
  158  10:22  Roach x3  
  158  10:23  Roach  
  158  10:24  Ravager x4  
  168  10:33  Overlord  
  168  10:34  Overlord  
  166  10:41  Overlord x2  
  166  10:48  Evolution Chamber  
  165  10:55  Roach x10  
  177  11:08  Zergling x4  
  173  11:19  Ravager x4  
Tags
 
Add a new tag
Caveats
  • Supply blocks, unpowered buildings, or Contaminate may cause inaccurate times.
  • Supply counts are checked every 10 seconds.